 Dungeon Crawl Stone Soup version 0.20-a0-839-gdaf5c57 (webtiles) character file.

40627 krabocopter the Grappler (level 13, 0/126 HPs)
             Began as a Troll Monk on Mar 6, 2017.
             Was the Champion of Ru.
             Slain by a death yak (8 damage)
             ... on level 4 of the Lair of Beasts on Mar 8, 2017.
             The game lasted 01:01:21 (15894 turns).

krabocopter the Grappler (Troll Monk)              Turns: 15894, Time: 01:01:22

Health: 0/126      AC:  9    Str: 23    XL:     13   Next: 75%
Magic:  5/10       EV: 19    Int:  6    God:    Ru [******]
Gold:   818        SH:  0    Dex: 20    Spells: 11/12 levels left

rFire    . . .     SeeInvis .     - Unarmed
rCold    + . .     Gourm    +   U - +2 robe {rN+}
rNeg     + . .     Faith    +   (no shield)
rPois    +         Spirit   .   L - +1 hat
rElec    .         Reflect  .   r - +0 cloak
rCorr    .         Harm     .   (gloves unavailable)
MR       .....                  (boots unavailable)
Stlth    ..........             u - amulet of faith
Regen    0.8/turn               I - ring of Summer {Ice *Contam rPois Dex+5}
MPRegen  0.2/turn               D - ring of protection from fire

@: exhausted, no scrolls
A: unfitting armour, claws 3, fast metabolism 3, frail 1, gourmand, low mp 1,
regeneration 1, shaggy fur 1, tough skin 2, inability to read while threatened,
no stealth, hated by all, no charms magic, no poison magic, no transmutations
magic
a: Draw Out Power, Power Leap, Apocalypse, Renounce Religion


You were on level 4 of the Lair of Beasts.
You worshipped Ru.
Ru was exalted by your worship.
You were very full.

You visited 3 branches of the dungeon, and saw 17 of its levels.

You collected 1325 gold pieces.
You spent 507 gold pieces at shops.

Inventory:

Hand Weapons
 H - the +3 dagger "Killer Bee's Regret" {speed, +Blink rC- Dex+5}
   (You found it on level 7 of the Dungeon)

   Attacks with this weapon are significantly faster.
   It affects your dexterity (+5).
   It makes you vulnerable to cold.
   It lets you blink.
 M - the +1 trident of Dissatisfaction {freeze, *Rage MR- Int+4 Dex+6}
   (You found it on level 9 of the Dungeon)

   It has been specially enchanted to freeze those struck by it, causing extra
   injury to most foes and up to half again as much damage against particularly
   susceptible opponents.
   It can also slow down cold-blooded creatures.
   It affects your intelligence (+4).
   It affects your dexterity (+6).
   It affects your resistance to hostile enchantments.
   It may make you go berserk in combat.
 X - the +2 quarterstaff "Nuchaiwe" {crush, SInv}
   (You found it on level 2 of the Lair of Beasts)

   It inflicts extra damage upon your enemies.
   It lets you see invisible.
Armour
 r - a +0 cloak (worn)
 L - a +1 hat (worn)
 U - a +2 robe of positive energy (worn)
Jewellery
 u - an amulet of faith (around neck)
 y - an uncursed ring of protection from magic
 A - an uncursed ring of wizardry
 D - a ring of protection from fire (left claw)
 I - the ring of Summer (right claw) {Ice *Contam rPois Dex+5}
   (You took it off an orc on level 7 of the Dungeon)

   [ring of ice]

   It enhances your ice magic.
   It affects your dexterity (+5).
   It makes you vulnerable to fire.
   It protects you from cold.
   It protects you from poison.
   It causes magical contamination when unequipped.
 O - an uncursed amulet of harm
Wands
 a - a wand of acid (4/15)
 B - a wand of lightning (3/15)
 F - a wand of lightning (6/15)
 G - a wand of paralysis (6/24)
 K - a wand of polymorph (12/24)
 Y - a wand of digging (15/24)
Scrolls
 d - 4 scrolls of identify
 e - 3 scrolls of enchant weapon
 f - a scroll of amnesia
 i - a scroll of fear
 j - 2 scrolls of immolation
 m - 6 scrolls of teleportation
 n - 12 scrolls of remove curse
 s - 4 scrolls of recharging
 v - 4 scrolls of fog
 C - a scroll of random uselessness {unknown}
 N - a scroll of magic mapping
Potions
 c - 3 potions of flight
 g - 3 potions of heal wounds
 h - 11 potions of curing
 l - 2 potions of cancellation
 o - a potion of invisibility
 q - 2 potions of ambrosia
 t - 2 potions of brilliance
 w - a potion of haste {unknown}
 E - 2 potions of berserk rage
 J - a potion of mutation {unknown}
 P - 2 potions of lignification
 S - 3 potions of resistance
 W - a potion of might
Books
 p - a book of Misfortune

   Spells                             Type                      Level
   a - Confusing Touch                Hexes                        1
   b - Confuse                        Hexes                        3
   c - Gell's Gravitas                Translocation                3
   d - Petrify                        Transmutation/Earth          4
   e - Metabolic Englaciation         Hexes/Ice                    5
   f - Yara's Violent Unravelling     Hexes/Transmutation          5
 Z - a book of Debilitation

   Spells                             Type                      Level
   a - Corona                         Hexes                        1
   b - Slow                           Hexes                        2
   c - Inner Flame                    Hexes/Fire                   3
   d - Portal Projectile              Hexes/Translocation          3
   e - Cause Fear                     Hexes                        4
   f - Leda's Liquefaction            Hexes/Earth                  4
Miscellaneous
 Q - a crystal ball of energy
 T - a box of beasts
 V - a lightning rod (4/4)
Comestibles
 b - 11 bread rations
 k - 15 meat rations
 x - 26 fruits
 z - 7 royal jellies
 R - 5 chunks of flesh


   Skills:
 + Level 12.9 Fighting
 + Level 11.6 Dodging
 + Level 13.0 Unarmed Combat


You had 11 spell levels left.
You knew the following spells:

 Your Spells              Type           Power        Failure   Level  Hunger
a - Confusing Touch       Hex            #.....       52%         1    ##.....


Dungeon Overview and Level Annotations

Branches:
Dungeon (11/15)            Temple (1/1) D:4            Lair (5/6) D:8
 Shoals (0/4) Lair:3        Snake (0/4) Lair:3        Slime (0/5) Lair:5
    Orc (0/2) D:9

Altars:
Ashenzari
Cheibriados
Dithmenos
Elyvilon
Fedhas
Gozag
Hepliaklqana
Kikubaaqudgha
Makhleb
Nemelex Xobeh
Okawaru
Qazlal
Ru
Sif Muna
Trog
Uskayaw
Vehumet
Wu Jian
Xom
Yredelemnul
Zin
The Shining One
Jiyva

Shops:
D:5 !   D:11 }

Annotations:
Lair:4 exclusion: oklob plant


Innate Abilities, Weirdness & Mutations

You are too large for most types of armour.
You have claws for hands.
Your metabolism is lightning-fast.
You are frail. (-10% HP)
You like to eat raw meat.
Your magical capacity is low. (-10% MP)
Your natural rate of healing is unusually fast.
You are covered in fur. (AC +1)
You have very tough skin. (AC +2)
You cannot read scrolls while threatened.
You cannot be stealthy.
You are hated by all.
You cannot study or cast Charms magic.
You cannot study or cast Poison magic.
You cannot study or cast Transmutations magic.


Message History

You take 17 damage, and have 19/126 hp.
Aim: a death yak (lightly wounded)
You can't leap on top of the monster!
You destroy the plant!
The death yak gores you but does no damage.
The death yak is stunned by your will and fails to attack.
You now have 5/10 mp.
You mangle the death yak!! The death yak barely misses you.
You mangle the death yak!!
You kill the death yak!
The death yak stops glowing.
The death yak closely misses you.
You feel much better. The death yak gores you!
* * * LOW HITPOINT WARNING * * *
You regained 14 hp, and now have 35/126 hp.
You scratch the death yak but do no damage.
The death yak gores you!!
* * * LOW HITPOINT WARNING * * *
You take 27 damage, and have 8/126 hp.
MASSIVE DAMAGE!!
You mangle the death yak!! The death yak gores you!
You die...

##..##### #.#..#### #. #
####P...#..# ##....#[## ##
###..........# ###.......# ##
...#..<......# ###.'.......####.
.#...........## #....>..>.....##.
.+............#
##.#.รท.......#...
.###.........#####..#.......P...#
P#.#............#..#........'.#.#
###............Y@...#.......#.###
##.........##PP.##...#....##.#
#####.################..##### ###
####


You could see a death yak.

Vanquished Creatures
  Nessos (Lair:4)
  The ghost of NormalPerson7 the Thaumaturge, a journeyman DEFE of Vehumet (Lair:4)
  Harold (Lair:2)
  4 hydras
  A naga warrior (Lair:3)
  2 two-headed ogres
  14 death yaks
  Sonja (Lair:2)
  The ghost of George the Carver, a novice MiFi of Wu Jian (D:8)
  An unseen horror (D:10)
  Pikel (D:6)
  An ugly thing (D:11)
  A black mamba (Lair:3)
  3 elephants (Lair:5)
  Joseph (D:9)
  3 torpor snails
  5 spiny frogs
  Maurice (D:8)
  4 rime drakes
  2 trolls (D:9)
  A komodo dragon (Lair:2)
  A hornet (D:11)
  Prince Ribbit (D:5)
  6 slime creatures (D:9)
  2 blink frogs (Lair:5)
  A snapping turtle (Lair:3)
  3 hippogriffs
  A wraith (D:10)
  A shadow (D:11)
  13 yaks
  A basilisk (Lair:2)
  Grum (D:8)
  A hungry ghost (D:10)
  Menkaure (D:7)
  A warg (Lair:3)
  5 porcupines
  14 water moccasins
  4 ice beasts
  A hornet zombie (D:9)
  5 orc warriors
  2 phantoms
  A sky beast (D:5)
  2 necrophages (D:10)
  9 wolves
  6 centaurs
  7 ogres
  7 crocodiles
  4 big kobolds
  18 bullfrogs
  5 scorpions
  13 wights
  3 killer bees (D:10)
  A howler monkey (D:5)
  2 electric eels
  3 crimson imps
  2 bullfrog zombies (D:6)
  A centaur zombie (D:6)
  2 jellies
  6 orc priests
  8 hounds
  3 quasits
  2 centaur skeletons
  2 bullfrog skeletons (D:9)
  7 iguanas
  Ijyb (D:3)
  Natasha (thrice) (D:4)
  10 orc wizards
  6 worker ants
  A hell rat (D:8)
  A killer bee zombie (D:6)
  2 human simulacra (D:9)
  A hound skeleton (D:11)
  A worker ant zombie (D:10)
  18 adders
  3 gnolls (D:8)
  A river rat (Lair:1)
  2 shadow imps
  3 adder zombies
  3 adder skeletons
  3 worms
  2 dart slugs (D:1)
  5 leopard geckos
  33 orcs
  6 giant cockroaches
  2 goblins
  7 hobgoblins
  4 jackals (D:9)
  5 quokkas
  4 ball pythons
  7 bats
  3 frilled lizards
  A jackal skeleton (D:4)
  38 kobolds
  A quokka skeleton (D:7)
  9 rats
  A bush (D:11)
  3 plants
419 creatures vanquished.

Vanquished Creatures (others)
  A hydra (Lair:1)
  A death yak (Lair:5)
  A blink frog (Lair:5)
  8 fungi
  3 plants
  A withered plant (D:8)
15 creatures vanquished.

Grand Total: 434 creatures vanquished

Notes
Turn   | Place    | Note
-------+----------+-------------------------------------------
     0 | D:1      | krabocopter the Troll Monk began the quest for the Orb.
     0 | D:1      | Reached XP level 1. HP: 22/22 MP: 0/0
   221 | D:1      | Reached XP level 2. HP: 14/29 MP: 1/1
   885 | D:2      | Reached XP level 3. HP: 36/36 MP: 2/2
   943 | D:2      | Found a hide-covered altar of Uskayaw.
  1148 | D:2      | Found a deep blue altar of Sif Muna.
  1166 | D:2      | Learned a level 1 spell: Confusing Touch
  1301 | D:2      | Reached skill level 4 in Unarmed Combat
  1387 | D:2      | Noticed a moth of wrath
  1390 | D:2      | Found a bloodstained altar of Trog.
  1414 | D:2      | Reached XP level 4. HP: 13/45 MP: 3/3
  1603 | D:3      | Found a stormy altar of Qazlal.
  1647 | D:3      | Upgraded the game from 0.20-a0-830-g2c9a30d to 0.20-a0-839-gdaf5c57
  1671 | D:3      | Noticed Ijyb
  1682 | D:3      | Killed Ijyb
  1754 | D:3      | Found a sparkling altar of Nemelex Xobeh.
  1983 | D:3      | Reached XP level 5. HP: 52/53 MP: 4/4
  2153 | D:3      | Reached skill level 5 in Unarmed Combat
  2293 | D:4      | Found a staircase to the Ecumenical Temple.
  2371 | Temple   | Entered the Ecumenical Temple
  2463 | Temple   | Became a worshipper of Ru the Awakened
  2465 | Temple   | Gained mutation: You cannot read scrolls while threatened. [Ru sacrifice]
  2465 | Temple   | Reached * piety under Ru
  2570 | D:4      | Noticed an ogre
  2573 | D:4      | Killed an ogre
  2650 | D:4      | Noticed Natasha
  2652 | D:4      | Noticed a phantom
  2657 | D:4      | Killed Natasha
  2673 | D:4      | Killed a phantom
  2673 | D:4      | Reached skill level 6 in Unarmed Combat
  2673 | D:4      | Reached XP level 6. HP: 48/62 MP: 5/5
  2798 | D:4      | Noticed Natasha
  2808 | D:4      | Killed Natasha
  3130 | D:4      | Reached XP level 7. HP: 70/71 MP: 6/6
  3209 | D:4      | Found a shadowy altar of Dithmenos.
  3263 | D:4      | Noticed Natasha
  3269 | D:4      | Killed Natasha
  3417 | D:5      | Entered Level 5 of the Dungeon
  3421 | D:5      | Reached skill level 7 in Unarmed Combat
  3475 | D:5      | Found a sacrificial altar of Ru.
  3574 | D:5      | Reached skill level 5 in Fighting
  3585 | D:5      | Found Poebav's Distillery.
  3593 | D:5      | Bought a potion of might for 52 gold pieces
  3593 | D:5      | Bought a potion of curing for 39 gold pieces
  3646 | D:5      | Reached skill level 8 in Unarmed Combat
  3836 | D:5      | Found a faded altar of an unknown god.
  3836 | D:5      | Found an iron altar of Okawaru.
  3841 | D:5      | Found an ornate altar of the Wu Jian Council.
  3843 | D:5      | Found a faded altar of an unknown god.
  3845 | D:5      | Found a shimmering altar of Xom.
  4003 | D:6      | Noticed Prince Ribbit
  4011 | D:5      | Killed Prince Ribbit
  4011 | D:5      | Reached XP level 8. HP: 66/80 MP: 7/7
  4025 | D:6      | Gained mutation: Your magical capacity is low. (-10% MP) [Ru sacrifice]
  4098 | D:6      | Reached skill level 9 in Unarmed Combat
  4488 | D:6      | Noticed Pikel
  4496 | D:6      | Killed Pikel
  4496 | D:6      | Reached skill level 10 in Unarmed Combat
  4496 | D:6      | Reached XP level 9. HP: 57/92 MP: 7/7
  4578 | D:6      | Found a blossoming altar of Fedhas.
  4908 | D:7      | Got a shimmering dagger
  4909 | D:7      | Identified the +3 dagger "Killer Bee's Regret" {speed, +Blink rC- Dex+5} (You found it on level 7 of the Dungeon)
  5066 | D:7      | Got a twitching jade ring
  5105 | D:7      | Noticed Menkaure
  5129 | D:7      | Killed Menkaure
  5451 | D:7      | Identified the ring of Summer {Ice *Contam rPois Dex+5} (You took it off an orc on level 7 of the Dungeon)
  5725 | D:7      | Gained mutation: You are hated by all. [Ru sacrifice]
  5725 | D:7      | Reached ** piety under Ru
  5725 | D:7      | Reached *** piety under Ru
  6113 | D:8      | Noticed a two-headed ogre
  6120 | D:8      | Killed a two-headed ogre
  6120 | D:8      | Reached XP level 10. HP: 98/104 MP: 8/8
  6128 | D:8      | Found a staircase to the Lair.
  6133 | D:8      | Noticed a death yak
  6138 | D:8      | Noticed a death yak
  6155 | D:8      | Killed a death yak
  6155 | D:8      | Reached skill level 5 in Dodging
  6185 | D:8      | Noticed a death yak
  6204 | D:8      | Killed a death yak
  6220 | D:8      | Killed a death yak
  6591 | D:8      | Found a burning altar of Makhleb.
  6624 | D:8      | Noticed Grum
  6624 | D:8      | Noticed Maurice
  6659 | D:8      | Killed Grum
  6667 | D:8      | Killed Maurice
  7023 | D:8      | Noticed George's ghost (novice MiFi)
  7036 | D:8      | Killed George's ghost
  7036 | D:8      | Reached XP level 11. HP: 84/115 MP: 8/8
  7039 | D:8      | Found an ancient bone altar of Kikubaaqudgha.
  7173 | D:9      | Noticed a two-headed ogre
  7340 | D:9      | Noticed Joseph
  7361 | D:9      | Killed Joseph
  7393 | D:9      | Got a fine trident
  7394 | D:9      | Identified the +1 trident of Dissatisfaction {freeze, *Rage MR- Int+4 Dex+6} (You found it on level 9 of the Dungeon)
  7593 | D:10     | Entered Level 10 of the Dungeon
  7757 | D:10     | Reached skill level 10 in Fighting
  8035 | D:10     | Gained mutation: You cannot be stealthy. [Ru sacrifice]
  8160 | D:10     | Found a hide-covered altar of Uskayaw.
  8435 | D:10     | Noticed an unseen horror
  8441 | D:10     | Killed an unseen horror
  8753 | D:9      | Killed a two-headed ogre
  8987 | D:9      | Found a radiant altar of Vehumet.
  9211 | D:9      | Found a staircase to the Orcish Mines.
  9767 | D:11     | Found Gaiga's Gadget Emporium.
  9771 | D:11     | Bought a wand of acid (9/15) for 416 gold pieces
 10089 | D:11     | Reached XP level 12. HP: 129/130 MP: 9/9
 10574 | Lair:1   | Entered Level 1 of the Lair of Beasts
 10769 | Lair:1   | Gained mutation: You are frail. (-10% HP) [Ru sacrifice]
 10769 | Lair:1   | Reached **** piety under Ru
 10769 | Lair:1   | Reached ***** piety under Ru
 10883 | Lair:1   | Noticed a seven-headed hydra
 10891 | Lair:1   | Killed an eight-headed hydra
 11323 | Lair:2   | Noticed Harold
 11338 | Lair:2   | Killed Harold
 11370 | Lair:2   | Got a steaming quarterstaff
 11387 | Lair:2   | Identified the cursed +2 quarterstaff "Nuchaiwe" {crush, SInv} (You found it on level 2 of the Lair of Beasts)
 11495 | Lair:2   | Reached skill level 11 in Unarmed Combat
 11835 | Lair:2   | Reached skill level 10 in Dodging
 11857 | Lair:2   | Noticed Sonja
 11872 | Lair:2   | Killed Sonja
 12437 | Lair:3   | Found a staircase to the Shoals.
 12666 | Lair:3   | Noticed a six-headed hydra
 12681 | Lair:3   | Killed a six-headed hydra
 12904 | Lair:3   | Gained mutation: You cannot study or cast Poison magic. [Ru sacrifice]
 12904 | Lair:3   | Gained mutation: You cannot study or cast Transmutations magic. [Ru sacrifice]
 12904 | Lair:3   | Gained mutation: You cannot study or cast Charms magic. [Ru sacrifice]
 12904 | Lair:3   | Reached ****** piety under Ru
 13123 | Lair:3   | Found a staircase to the Snake Pit.
 13285 | Lair:3   | Noticed a naga warrior
 13311 | Lair:3   | Killed a naga warrior
 13780 | Lair:4   | Reached skill level 12 in Unarmed Combat
 13796 | Lair:4   | Noticed NormalPerson7's ghost (journeyman DEFE)
 13812 | Lair:4   | Killed NormalPerson7's ghost
 13812 | Lair:4   | Reached XP level 13. HP: 82/126 MP: 10/10
 13877 | Lair:4   | Noticed Nessos
 13889 | Lair:4   | Killed Nessos
 15615 | Lair:5   | Found a staircase to the Slime Pits.
 15616 | Lair:5   | Found a viscous altar of Jiyva.
 15669 | Lair:5   | Found a snail-covered altar of Cheibriados.
 15695 | Lair:5   | Reached skill level 13 in Unarmed Combat
 15894 | Lair:4   | Slain by a death yak

Vault maps used:
D:1:      minmay_arrival_four_circles, serial_bayou_ford_a
D:2:      marbit_many_paths, tgw_trog, overflow_temple_1_default, first_bread
D:3:      lemuel_crystal_altar, lemuel_round_altar, uniq_iyjb
D:4:      kennysheep_kobold_camp, nicolae_dithmenos_through_a_glass_darkly,
          minmay_temple_entry_large_hall, uniq_natasha
D:5:      chequers_temple_overflow_minitemple, serial_shops, shop_fountains,
          nicolae_ru_awakened_eye
D:6:      fedhas_altar_decomposition, uniq_pikel, uniq_prince_ribbit1
D:7:      grunt_ogre_cave, uniq_menkaure
D:8:      kiku_gazebo_garden_becter, nicolae_overflow_crystal_walls,
          dpeg_lair_monsters, uniq_grum, uniq_maurice
D:9:      vehumet_crystals, orc_0_dummy, bh_circular_ruins, uniq_joseph
D:10:     basic_altar, fountainhead, grunt_ministairs_6
D:11:     serial_shops, shop, kb_lookout_dungeons_type
Temple:   zaba_magenta_temple
Lair:1:   minivault_24, pond
Lair:2:   lemuel_fruit_tree, serial_bayou_shore_a, uniq_sonja, uniq_harold
Lair:3:   beast_lair_carwin_large_3, minmay_shoals_entry_hut,
          minmay_snake_entry_six_corridors, infiniplex_staircase_pool,
          serial_bayou_shore_b, serial_bayou_shore_b
Lair:4:   lab_entry_generic, minmay_lair_oklob_bushes, uniq_nessos
Lair:5:   slime_altar_1, kennysheep_snail_temple

Skill      XL: |  1  2  3  4  5  6  7  8  9 10 11 12 13 |
---------------+----------------------------------------+-----
Fighting       | 3 4 5 6 7 9 11 12 | 12.9
Unarmed Combat | 4 6 8 10 12 13 | 13.0
Dodging        | 4 7 9 10 11 | 11.6
Stealth        | 0 |  0.0

Action                   |  1- 3 |  4- 6 |  7- 9 | 10-12 | 13-15 || total
-------------------------+-------+-------+-------+-------+-------++-------
Melee: Unarmed           |   102 |   136 |   266 |   745 |   183 ||  1432
       Punch             |     1 |     4 |     9 |    56 |    23 ||    93
Invok: Sacrifice Words   |       |     1 |       |       |       ||     1
       Sacrifice Essence |       |       |     1 |       |       ||     1
       Sacrifice Love    |       |       |     1 |       |       ||     1
       Sacrifice Stealth |       |       |       |     1 |       ||     1
       Power Leap        |       |       |       |     1 |     4 ||     5
       Sacrifice Health  |       |       |       |     1 |       ||     1
       Sacrifice Arcana  |       |       |       |     1 |       ||     1
       Draw Out Power    |       |       |       |       |     1 ||     1
Evoke: Wand              |       |       |       |    11 |     7 ||    18
       Sack of spiders   |       |       |       |     1 |       ||     1
  Use: Potion            |     1 |       |     4 |     3 |     1 ||     9
       Scroll            |       |       |     5 |    18 |     1 ||    24
 Stab: Sleeping          |     3 |     1 |     4 |     1 |       ||     9
       Distracted        |       |       |     1 |     2 |     1 ||     4
       Invisible         |       |       |       |     6 |     8 ||    14
       Paralysed         |       |       |       |     8 |       ||     8
  Eat: Chunk             |    18 |    16 |    27 |    69 |    20 ||   150
Armor: Robe              |    35 |    30 |    43 |    95 |    32 ||   235
       Skin              |       |       |       |     4 |       ||     4
Dodge: Dodged            |    69 |    42 |   101 |   442 |   115 ||   769
Block: Other             |       |       |     1 |     4 |       ||     5
